[Event "*** Titled Tuesday Blitz"]
[Site "Chess.com"]
[Date "2020.12.29"]
[Round "6"]
[White "Rsnr"]
[Black "jocmil"]
[Result "1-0"]
[WhiteElo "2804"]
[BlackElo "2554"]
[TimeControl "180+1"]
[EndTime "11:05:28 PST"]
[Termination "Rsnr won on time"]

1. b3 g6 2. Bb2 Nf6 3. g3 Bg7 4. Bg2 O-O 5. Nf3 d6 6. O-O c5 7.
c4 Nc6 8. d4 cxd4 9. Nxd4 Bd7 10. Nc2 a6 11. Nc3 Qa5 12. Qd2 Qh5 13. Ne3 Bh6 14. f4 Bg7 15. Rad1 Bh3 16. Bf3 Qc5 17. Rf2 h5 18. Ned5 Nxd5 19. Nxd5 Be6 20. Bxg7 Kxg7 21.
e3 a5 22. Qc3+ Kg8 23. Kg2 Bxd5 24. Rxd5 Qb6 25. Rb5 Qc7 26. Bxh5 e5 27. Bf3 a4 28.
b4 Rac8 29. Rd2 Nd8 30. Bd5 Qd7 31. Qd3 Kg7 32. fxe5 dxe5 33. Qe4 1-0

[Event "*** Titled Tuesday Blitz"]
[Site "Chess.com"]
[Date "2020.12.29"]
[Round "6"]
[White "Th3ChessViking"]
[Black "Roza_Idrisova"]
[Result "1-0"]
[WhiteElo "2458"]
[BlackElo "2158"]
[TimeControl "180+1"]
[EndTime "11:05:28 PST"]
[Termination "Th3ChessViking won by resignation"]

1. d4 d5 2. Bf4 c6 3. e3 Bf5 4. c4 e6 5. Qb3 Qb6 6. c5 Qxb3 7. axb3 Nd7 8. Nd2 a6 9. Ngf3 Be7 10. b4 Rc8 11. h3 h6 12. Nb3 Bd8 13. Be2 Ngf6 14. Na5 Bxa5 15. bxa5 O-O 16. Ra4 Ra8 17.
Rb4 Ra7 18. O-O Ne4 19. Ra1 f6 20. Ra3 e5 21. Bh2 Rf7 22. Rab3 exd4 23. Nxd4 Bg6 24. Rxb7 Ndxc5 25. Rxa7 Rxa7 26. Rb8+ Kh7 27. Nxc6 Rb7 28. Rxb7 Nxb7 29. Bxa6 Nbc5 30. Bc8 Nd2 31. a6 Na4 32.
Bc7 Nc4 33. b3 Nab6 34. bxc4 Nxc8 35. cxd5 Be4 36. Nb4 Na7 37. Bb8 Nb5 38. a7 Nxa7 39. Bxa7 Kg6 40. f3 Bb1 41. e4 Kf7 42. Kf2 f5 43.
Ke3 fxe4 44. fxe4 Kf6 45. Bd4+ Kf7 46. e5 Bf5 47. e6+ Ke7 48. Bxg7 h5 49. Kd4 Bxe6 50. dxe6 Kxe6 51. Ke4 Kf7 52. Be5 Kg6 53. Bh2 Kg5 54. Kf3 Kf5 55. Nd3 Kg5 56. Nf4 h4 57. Bg1 Kf5 58.
Bf2 Kg5 59. Be1 Kf5 60. Bxh4 1-0

[Event "*** Titled Tuesday Blitz"]
[Site "Chess.com"]
[Date "2020.12.29"]
[Round "6"]
[White "mishanick"]
[Black "AlexeiShirov"]
[Result "0-1"]
[WhiteElo "2978"]
[BlackElo "2845"]
[TimeControl "180+1"]
[EndTime "11:05:30 PST"]
[Termination "AlexeiShirov won by resignation"]

1. c4 c6 2. d4 d5 3. Nf3 Nf6 4. Nc3 e6 5. Bg5 dxc4 6. e4 b5 7. e5 h6 8. Bh4 g5 9. Nxg5 hxg5 10. Bxg5 Nbd7 11. exf6 Bb7 12. g3 c5 13. d5 Qb6 14. Bg2 O-O-O 15. O-O b4 16. Na4 Qa6 17. a3 Bxd5 18. Bxd5 Ne5 19. axb4 Rxd5 20. Qe2 cxb4 21. Nc3 Qd6 22. Nxd5 Qxd5 23. f3 Bc5+ 24. Be3 Nd3 25. Bxc5 Qxc5+ 26. Kh1 Qd4 27. Ra6 Rh5 28. Rxe6 fxe6 29.
Qxe6+ Qd7 30. Qxc4+ Rc5 31. Qg8+ Kb7 32. Qg6 Rc2 33.
Qg4 Nf2+ 34. Rxf2 Qxg4 35. fxg4 Rxf2 36. g5 Kc6 37. h4 Kd7 38. h5 Rf5 39. h6 Rxg5 40.
g4 Rxg4 0-1

[Event "*** Titled Tuesday Blitz"]
[Site "Chess.com"]
[Date "2020.12.29"]
[Round "6"]
[White "ENajer77"]
[Black "LilRag"]
[Result "0-1"]
[WhiteElo "2625"]
[BlackElo "2487"]
[TimeControl "180+1"]
[EndTime "11:05:30 PST"]
[Termination "LilRag won on time"]

1. d4 Nf6 2. c4 e6 3. Nf3 Bb4+ 4. Bd2 a5 5. Nc3 d5 6. a3 Be7 7. Bf4 O-O 8. e3 c6 9. Qc2 Nbd7 10. Rd1 dxc4 11.
Bxc4 b5 12. Bd3 Bb7 13. O-O h6 14. Ne4 Nxe4 15. Bxe4 Nf6 16. Bd3 Rc8 17. Qe2 Qb6 18. e4 c5 19. dxc5 Bxc5 20. h3 b4 21. e5 Nh5 22. Bh2 g6 23. Nd2 Rfd8 24. Ne4 Be7 25. Nd6 Bxd6 26. exd6 Ng7 27. Be5 Ne8 28. Qd2 Kh7 29.
Qf4 Rd7 30. Rc1 Rcd8 0-1

[Event "*** Titled Tuesday Blitz"]
[Site "Chess.com"]
[Date "2020.12.29"]
[Round "6"]
[White "Shepherdboy"]
[Black "GelmanAlexander"]
[Result "1-0"]
[WhiteElo "2355"]
[BlackElo "2556"]
[TimeControl "180+1"]
[EndTime "11:05:30 PST"]
[Termination "Shepherdboy won by resignation"]

1. Nf3 Nf6 2. c4 c5 3. Nc3 e6 4. g3 a6 5. Bg2 Be7 6. b3 O-O 7. Bb2 d6 8. O-O Nbd7 9. d4 cxd4 10. Nxd4 Qc7 11. Rc1 Ne5 12. f4 Ng6 13. Qd2 Bd7 14. e4 Rac8 15. Kh1 Rfe8 16. f5 Ne5 17. Nce2 Qb8 18.
Nf4 Bd8 19. fxe6 fxe6 20. Nd3 Nf7 21. Qe2 b5 22. c5 dxc5 23. Nxc5 Bb6 24. Nxd7 Nxd7 25.
Nc6 Qd6 26. Qh5 Rf8 27. e5 Qd2 28. Ne7+ Kh8 29. Ng6+ Kg8 30. Ne7+ Kh8 31. Rxc8 Rxc8 32.
Nxc8 1-0

[Event "*** Titled Tuesday Blitz"]
[Site "Chess.com"]
[Date "2020.12.29"]
[Round "6"]
[White "pedromartinez91"]
[Black "GregShahade"]
[Result "0-1"]
[WhiteElo "2490"]
[BlackElo "2668"]
[TimeControl "180+1"]
[EndTime "11:05:33 PST"]
[Termination "GregShahade won by checkmate"]

1. e4 e5 2. Nf3 Nc6 3. Bb5 a6 4.
Ba4 Nf6 5. Bxc6 dxc6 6. d3 Bd6 7. Nbd2 Be6 8. b3 Nd7 9. Bb2 Qe7 10. O-O O-O 11. d4 Bg4 12. h3 Bh5 13. dxe5 Nxe5 14. g4 Nxf3+ 15. Qxf3 Bg6 16. Rfe1 Rad8 17. Nc4 Bb4 18. Bc3 b5 19. Ne5 Bxc3 20. Qxc3 Qf6 21. Re3 b4 22. Qb2 Rfe8 23. Rd3 Rxd3 24. Nxd3 Qxb2 25.
Nxb2 Rxe4 26. Nd3 a5 27. a3 h5 28. axb4 axb4 29. Ra4 hxg4 30. Rxb4 gxh3 31. Rxe4 Bxe4 32. Ne1 g5 33. f3 Bf5 34. Kh2 Kg7 35. Kg3 Kf6 36. b4 Ke5 37. c4 Kd4 38. c5 Kc3 39. f4 gxf4+ 40. Kh2 Bg4 41. Kg1 Kd2 42. Kf2 h2 43.
Nf3+ Bxf3 44. b5 h1=Q 45. bxc6 Qg2# 0-1

[Event "*** Titled Tuesday Blitz"]
[Site "Chess.com"]
[Date "2020.12.29"]
[Round "6"]
[White "Bodnar_Mykola"]
[Black "atalz0"]
[Result "1-0"]
[WhiteElo "2542"]
[BlackElo "2368"]
[TimeControl "180+1"]
[EndTime "11:05:33 PST"]
[Termination "Bodnar_Mykola won on time"]

1. d4 Nf6 2. c4 e6 3. g3 d5 4. Bg2 dxc4 5. Nf3 Nc6 6. O-O Rb8 7. e3 b5 8. Qc2 Bb7 9. b3 Nb4 10. Qe2 Nd3 11. bxc4 bxc4 12. Ba3 Bd6 13. Qc2 Bd5 14. Nfd2 Nb4 15. Bxb4 Rxb4 16. e4 Bb7 17. e5 Bxg2 18.
Kxg2 Bxe5 19. dxe5 Qd5+ 20. Nf3 Ng4 21. Nc3 Qb7 22.
Rab1 Nxe5 23. Rxb4 Qxf3+ 24. Kg1 O-O 25. Rb5 Nd3 26.
Qe2 Qf6 27. Ne4 Qd4 28. Ng5 e5 29. Rfb1 h6 30. Nf3 Qg4 31. Rb8 Rxb8 32. Rxb8+ Kh7 33. Qe3 Nf4 34. Kh1 f5 35. gxf4 e4 36. Ng1 Qd1 37.
Rc8 1-0

[Event "*** Titled Tuesday Blitz"]
[Site "Chess.com"]
[Date "2020.12.29"]
[Round "6"]
[White "mirochka"]
[Black "Ariadna_Atreides"]
[Result "1-0"]
[WhiteElo "2192"]
[BlackElo "2063"]
[TimeControl "180+1"]
[EndTime "11:05:34 PST"]
[Termination "mirochka won by resignation"]

1. e4 c5 2. d4 cxd4 3. c3 d3 4. Bxd3 Nc6 5. Nf3 g6 6. O-O Bg7 7. Be3 d6 8. Nbd2 Bg4 9. h3 Bxf3 10. Nxf3 Nf6 11. Nd4 O-O 12. a4 Nd7 13. f4 Rc8 14. Nxc6 bxc6 15. a5 c5 16. Bc4 Qc7 17. Kh1 Qb7 18.
Qc2 Nf6 19. e5 dxe5 20. fxe5 Nh5 21. Rf3 Bxe5 22. Qf2 e6 23. Bh6 Rfd8 24. Rf1 Rd7 25. g4 Ng7 26. Kg1 Qe4 27. Rxf7 Qxc4 28. Rf8+ 1-0

[Event "*** Titled Tuesday Blitz"]
[Site "Chess.com"]
[Date "2020.12.29"]
[Round "6"]
[White "Alonmindlin"]
[Black "IljaJoke"]
[Result "1-0"]
[WhiteElo "2708"]
[BlackElo "2470"]
[TimeControl "180+1"]
[EndTime "11:05:37 PST"]
[Termination "Alonmindlin won by resignation"]

1. d4 d5 2. c4 e6 3. Nc3 c5 4. cxd5 exd5 5. Nf3 Nc6 6. g3 Nf6 7. Bg2 cxd4 8. Nxd4 Bc5 9. Nxc6 bxc6 10. O-O O-O 11.
Na4 Bb6 12. Nxb6 axb6 13. b3 Re8 14. Bb2 h5 15. h4 Bg4 16. Re1 Qe7 17. Qc2 Rac8 18.
Rac1 Qe6 19. Qd2 Qf5 20. b4 Ne4 21. Qd4 Nf6 22. Qxb6 Rxe2 23. Rxe2 Bxe2 24. Bxf6 Qxf6 25. Bxd5 Bf3 26. Bxf3 Qxf3 27. b5 Qa3 28. Rxc6 Re8 29. Qc5 Qxa2 30. Rc8 Rxc8 31. Qxc8+ Kh7 32. Qc6 Qb1+ 33.
Kg2 g6 34. b6 Kg7 35. b7 Kh7 36. Kh2 Qb2 37. Kg2 Qb1 38. Qc7 Qe4+ 39. Kg1 Qe1+ 40.
Kg2 Qe4+ 41. Kh2 Qe2 42. Qxf7+ Kh6 43. b8=Q 1-0

[Event "*** Titled Tuesday Blitz"]
[Site "Chess.com"]
[Date "2020.12.29"]
[Round "6"]
[White "viktorko131"]
[Black "FMalexhdez"]
[Result "0-1"]
[WhiteElo "2078"]
[BlackElo "2275"]
[TimeControl "180+1"]
[EndTime "11:05:37 PST"]
[Termination "FMalexhdez won on time"]

1. e4 c5 2. Nf3 d6 3. d4 cxd4 4. Nxd4 Nf6 5. Nc3 a6 6. Be3 e5 7.
Nb3 Be6 8. f4 exf4 9. Bxf4 Nc6 10. Qe2 Be7 11. h3 Qc7 12. O-O-O Ne5 13. g4 Rc8 14. g5 Nfd7 15. Nd5 Bxd5 16. exd5 O-O 17. Nd4 Rfe8 18. h4 Bf8 19. Qg2 Nc4 20. Rh3 Qb6 21. Rb3 Qa5 22. Bxc4 Rxc4 23. Ra3 Qc5 24. Nf5 Ne5 25.
Be3 Qc7 26. Bd4 Rc8 27. Rc3 Qa5 0-1

[Event "*** Titled Tuesday Blitz"]
[Site "Chess.com"]
[Date "2020.12.29"]
[Round "6"]
[White "wonderfultime"]
[Black "francyIM"]
[Result "1-0"]
[WhiteElo "3007"]
[BlackElo "2691"]
[TimeControl "180+1"]
[EndTime "11:05:38 PST"]
[Termination "wonderfultime won by resignation"]

1. d4 Nf6 2. Nf3 d6 3. Bf4 Bf5 4. e3 h6 5. Bd3 Bxd3 6. Qxd3 c6 7. O-O g5 8. Bg3 Bg7 9. e4 O-O 10. Nbd2 Nbd7 11. c3 Nh5 12. Rfe1 e5 13. Nc4 Nxg3 14. hxg3 exd4 15. cxd4 Nf6 16. Ne3 Qd7 17. Nf5 Rfe8 18. Rad1 Re6 19. d5 cxd5 20. exd5 Rxe1+ 21. Rxe1 Bf8 22. Ne3 Bg7 23. Nd4 Rc8 24. Ndf5 Bf8 25. Qd4 Qd8 26. g4 a6 27. g3 Rc5 28. Kg2 Kh7 29.
Rh1 Ng8 30. b4 Rc8 31. Qe4 Kh8 32. Qd4+ Kh7 33. Nc4 b5 34. Ncxd6 Rc2 35. Ne4 f6 36. d6 Rc4 37. Qd5 Qd7 38. Qxg8+ 1-0

[Event "*** Titled Tuesday Blitz"]
[Site "Chess.com"]
[Date "2020.12.29"]
[Round "6"]
[White "Heineccius"]
[Black "Vamostodorecto"]
[Result "0-1"]
[WhiteElo "2569"]
[BlackElo "2435"]
[TimeControl "180+1"]
[EndTime "11:05:38 PST"]
[Termination "Vamostodorecto won by resignation"]

1. d4 Nf6 2. c4 g6 3. Nc3 d5 4. cxd5 Nxd5 5. g3 Nb6 6. Bg2 Bg7 7. Nf3 O-O 8. O-O Nc6 9. e3 Bg4 10. h3 Be6 11. b3 a5 12. a4 Nb4 13. Bb2 h6 14. Rc1 c6 15. Ne4 Qc8 16. Kh2 Nd7 17.
Nfd2 Nd3 18. Rb1 Nxb2 19. Rxb2 Bd5 20. Rc2 e5 21. dxe5 Nxe5 22. Qe2 Rd8 23. Nc5 Bxg2 24. Kxg2 b6 25. Nce4 Nd3 26. Nc4 Nb4 27. Nxb6 Qf5 28.
Rc4 Rab8 29. g4 Qe5 30. f4 Qe8 31. f5 Rxb6 32. f6 Bf8 33. h4 Nd5 34. h5 Rxb3 35.
Rf3 Rdb8 36. Kh3 R8b4 37. hxg6 Rxc4 38. Qxc4 Rb4 39. gxf7+ Kxf7 40. Qxc6 Qxc6 0-1

[Event "*** Titled Tuesday Blitz"]
[Site "Chess.com"]
[Date "2020.12.29"]
[Round "6"]
[White "davidkalashian"]
[Black "ljuks68"]
[Result "1/2-1/2"]
[WhiteElo "2570"]
[BlackElo "2380"]
[TimeControl "180+1"]
[EndTime "11:05:38 PST"]
[Termination "Game drawn by repetition"]

1. e4 e6 2. d4 d5 3. Nd2 Nf6 4. e5 Nfd7 5. Bd3 c5 6. c3 Nc6 7. Ne2 cxd4 8. cxd4 f6 9. exf6 Qxf6 10. O-O Bd6 11.
Nf3 h6 12. a3 O-O 13. b4 e5 14. Qb3 Nb6 15. Bb2 Be6 16. dxe5 Nxe5 17. Nxe5 Bxe5 18. Bxe5 Qxe5 19. Qc3 Qxc3 20. Nxc3 Rac8 21. Nb5 a6 22. Nd4 Bd7 23. Rfe1 Rfe8 24. h3 Nc4 25. Rxe8+ Rxe8 26. a4 Nb2 27. Bc2 Rc8 28. Bb3 Nc4 29. b5 axb5 30.
axb5 Rc5 31. Ra8+ Kf7 32. Rb8 Nd6 33. b6 Kf6 34. Kh2 Ke5 35. Nf3+ Kf6 36. Nd4 Ke5 37. Nf3+ Kf6 38. Rf8+ Ke7 39. Rg8 Kf7 40. Rb8 Kf6 1/2-1/2

[Event "*** Titled Tuesday Blitz"]
[Site "Chess.com"]
[Date "2020.12.29"]
[Round "6"]
[White "rachidhuilda"]
[Black "1random"]
[Result "0-1"]
[WhiteElo "2232"]
[BlackElo "2427"]
[TimeControl "180+1"]
[EndTime "11:05:39 PST"]
[Termination "1random won on time"]

1. d4 d5 2. c4 c5 3. dxc5 Nf6 4. cxd5 e6 5. d6 Qa5+ 6. Nc3 Qxc5 7. Be3 Qxd6 8. Qxd6 Bxd6 9. O-O-O Be5 10. Nb5 a6 11. Nd6+ Bxd6 12. Rxd6 Nd5 13. Bc5 Nd7 14. Ba3 N7f6 15.
f3 Ne3 16. Nh3 Nfd5 17. Nf2 Nc4 18. e4 Nxd6 19. Bxd6 Ne7 20. Be2 Bd7 21. Rd1 Rc8+ 22. Kb1 Bb5 23. Bxb5+ axb5 24. Nd3 f6 25. Nc5 b6 26.
Nxe6 Kf7 27. Nf4 Rhd8 28. Rd3 g5 0-1

[Event "*** Titled Tuesday Blitz"]
[Site "Chess.com"]
[Date "2020.12.29"]
[Round "6"]
[White "Andrakhanova"]
[Black "HackingKid98"]
[Result "0-1"]
[WhiteElo "2249"]
[BlackElo "2431"]
[TimeControl "180+1"]
[EndTime "11:05:41 PST"]
[Termination "HackingKid98 won by resignation"]

1. c4 e6 2. g3 d5 3. Bg2 Nf6 4.
Nf3 dxc4 5. Qa4+ Nbd7 6. Qxc4 a6 7. Qc2 b5 8. Ne5 Nxe5 9. Bxa8 Bd6 10. d4 Nc4 11. b3 Bb4+ 12. Bd2 Nxd2 13. Bc6+ Ke7 14. Nxd2 Qxd4 15. Rd1 Rd8 16. e3 Qd6 17. Bf3 Nd5 18.
O-O Nc3 19. Ne4 Qe5 20. Rxd8 Kxd8 21. Nxc3 Qxc3 22. Rd1+ Ke7 23. Qxc3 Bxc3 24. Rc1 Ba5 25. Kg2 Bb6 26. h4 c5 27. a4 h6 28. axb5 axb5 29.
Bc6 b4 30. Ra1 Kd6 31. Be4 e5 32. Ra8 Be6 33. Rg8 Bxb3 34. Rxg7 Be6 35. f4 exf4 36. exf4 c4 37. f5 Bd5 38. Kf3 c3 39. Bxd5 c2 40. Bxf7 c1=Q 41. Rg6+ Kc7 42. Be6 h5 43. Rg7+ Kd6 44.
Rd7+ Ke5 45. Rd5+ Kf6 46. Rd7 Qe3+ 47. Kg2 Qf2+ 48. Kh3 Qf1+ 49. Kh2 Bg1+ 0-1

[Event "*** Titled Tuesday Blitz"]
[Site "Chess.com"]
[Date "2020.12.29"]
[Round "6"]
[White "Blue_Ratatoeskr"]
[Black "alexgo05"]
[Result "0-1"]
[WhiteElo "2342"]
[BlackElo "2482"]
[TimeControl "180+1"]
[EndTime "11:05:42 PST"]
[Termination "alexgo05 won by resignation"]

1. c4 e6 2. g3 Nf6 3. Bg2 d5 4. Nf3 Be7 5. d4 O-O 6. Qc2 a6 7. Nbd2 Nbd7 8. O-O b6 9. cxd5 exd5 10. Ne5 Bd6 11. Ndf3 Bb7 12. Bg5 h6 13. Bf4 Ne4 14. Nxd7 Qxd7 15. Bxd6 Qxd6 16. Rfd1 Rfe8 17. Rac1 Rac8 18.
e3 c5 19. dxc5 bxc5 20. Nd2 Nf6 21. Qa4 Qe5 22. Qa3 c4 23. Nxc4 dxc4 24. Bxb7 Rb8 25. Bxa6 Rxb2 26. Bxc4 Ng4 27. Rf1 Qh5 28. h4 Qe5 29. Qc3 Nxf2 30. Rxf2 Qxg3+ 0-1

[Event "*** Titled Tuesday Blitz"]
[Site "Chess.com"]
[Date "2020.12.29"]
[Round "6"]
[White "amatatanav"]
[Black "PavelChernomordik"]
[Result "0-1"]
[WhiteElo "2427"]
[BlackElo "2299"]
[TimeControl "180+1"]
[EndTime "11:05:43 PST"]
[Termination "PavelChernomordik won by resignation"]

1. e4 g6 2. d4 Bg7 3. Nc3 d6 4. f4 a6 5. Nf3 b5 6. Bd3 Nd7 7. e5 c5 8. Be4 Rb8 9. Be3 b4 10. Na4 Qa5 11. c3 bxc3 12. bxc3 Nh6 13. dxc5 dxc5 14. Bc6 O-O 15. Bxd7 Rd8 16. O-O Bxd7 17.
Nxc5 Bb5 18. Qc2 Bxf1 19. Rxf1 Rdc8 20. Ne4 Nf5 21. Bf2 h5 22. h3 Qa3 23. g4 hxg4 24.
hxg4 Nh6 25. Nh2 Qb2 26. Qd3 Qxa2 27. Qd7 Qc4 28. Qxe7 Qxe4 29. Bd4 Re8 30. Qg5 Rb2 31. Nf3 Qe2 32. Rf2 Qd1+ 33. Rf1 Qd3 34. f5 Qe4 35. e6 Qxg4+ 36. Qxg4 Nxg4 37. exf7+ Kxf7 38. Ng5+ Kg8 39. f6 Bxf6 40. Bxf6 Nxf6 41. Rxf6 Re1+ 42. Rf1 Rxf1+ 43. Kxf1 a5 0-1

[Event "*** Titled Tuesday Blitz"]
[Site "Chess.com"]
[Date "2020.12.29"]
[Round "6"]
[White "MasterMK73"]
[Black "CHENNAIBOND"]
[Result "1-0"]
[WhiteElo "2252"]
[BlackElo "1578"]
[TimeControl "180+1"]
[EndTime "11:05:44 PST"]
[Termination "MasterMK73 won by resignation"]

1. e4 c5 2. c3 Nf6 3. e5 Nd5 4.
d4 d6 5. Nf3 Nc6 6. Bc4 Nb6 7.
Bb5 cxd4 8. cxd4 g6 9. d5 a6 10. Bxc6+ bxc6 11. dxc6 Bg7 12. Bf4 O-O 13. Nc3 Nc4 14.
Qe2 Rb8 15. Rb1 Be6 16. O-O dxe5 17. Nxe5 Qd4 18. Nd3 Nxb2 19. Bxb8 Rxb8 20. c7 Rc8 21. Nxb2 Qxc3 22. Rfc1 Qa3 23. Nc4 Bxc4 24. Qxc4 Be5 25.
Rb3 Qd6 26. Rd3 Rxc7 27. Rxd6 Bxd6 28. Qxc7 Bxc7 29. Rxc7 1-0

[Event "*** Titled Tuesday Blitz"]
[Site "Chess.com"]
[Date "2020.12.29"]
[Round "6"]
[White "Jungle_Jaguar"]
[Black "Lagmantr"]
[Result "0-1"]
[WhiteElo "2621"]
[BlackElo "2787"]
[TimeControl "180+1"]
[EndTime "11:05:45 PST"]
[Termination "Lagmantr won by checkmate"]

1. e4 c6 2. d4 d5 3. e5 c5 4. dxc5 e6 5. a3 Bxc5 6. b4 Be7 7. Bb2 a5 8. b5 Nd7 9. Nf3 f6 10. Nbd2 Nh6 11. Bd3 Nf7 12. exf6 Bxf6 13. Bxf6 Qxf6 14. O-O e5 15. Re1 O-O 16. c4 e4 17. Bxe4 dxe4 18.
Nxe4 Qb6 19. Qd5 Nf6 20. Nxf6+ Qxf6 21. c5 Bg4 22. Qxb7 Rab8 23. Qd5 Bxf3 24. Qxf3 Qxf3 25. gxf3 Rxb5 26. Rac1 Rc8 27. c6 Kf8 28. c7 Rb7 29. Rc5 Rbxc7 30. Rxa5 Rc1 31. Rxc1 Rxc1+ 32. Kg2 Rc3 33.
Ra8+ Ke7 34. Ra7+ Kf6 35. Ra6+ Kf5 36. Ra7 Ke6 37. h3 g6 38. h4 h5 39. Ra6+ Kf5 40.
Ra8 Ne5 41. Rf8+ Ke6 42. a4 Ra3 43. Rf4 Nd3 44. Re4+ Kf5 45. Re3 Nf4+ 46. Kg3 Rxa4 47. Re8 Ne6 48. Re7 Kf6 49. Rb7 Nd4 50. Rb6+ Kg7 51.
Rb7+ Kh6 52. Rf7 Nf5+ 53. Kg2 Nxh4+ 54. Kg3 Nf5+ 55. Rxf5 gxf5 56. f4 Kg6 57. Kf3 Ra3+ 58. Kg2 h4 59. f3 Kh5 60. Kh2 Rxf3 61. Kg2 Kg4 62. Kg1 h3 63. Kh2 Rf2+ 64. Kh1 Kf3 65. Kg1 Kg3 66. Kh1 Rf1# 0-1

[Event "*** Titled Tuesday Blitz"]
[Site "Chess.com"]
[Date "2020.12.29"]
[Round "6"]
[White "eightbyeightchess"]
[Black "731291"]
[Result "0-1"]
[WhiteElo "2371"]
[BlackElo "2571"]
[TimeControl "180+1"]
[EndTime "11:05:45 PST"]
[Termination "731291 won by resignation"]

1. e4 c5 2. Nf3 e6 3. d4 cxd4 4. Nxd4 Nc6 5. Nc3 Qc7 6. Nxc6 bxc6 7. Bd3 d5 8. exd5 cxd5 9. O-O Nf6 10. Qf3 Be7 11. Bf4 Qd8 12. Nb5 O-O 13. Nc7 Rb8 14. Nxd5 exd5 15. Bxb8 Bg4 16. Bxh7+ Kxh7 17. Qd3+ Kg8 18.
Bxa7 Qc7 19. Bd4 Ne4 20. f3 Bd6 21. fxe4 Bxh2+ 22. Kh1 Qd6 23. Qe3 Re8 24. e5 Bxe5 25. Rae1 f6 26. a4 Re6 27. a5 Bg3 28. Qc3 Rxe1 29.
Rxe1 Qf4 30. Re8+ Kf7 31. Rd8 Qh6+ 32. Kg1 Qc1+ 0-1

[Event "*** Titled Tuesday Blitz"]
[Site "Chess.com"]
[Date "2020.12.29"]
[Round "6"]
[White "IMUffeVinther-Schou"]
[Black "tsaruk_maks"]
[Result "1-0"]
[WhiteElo "2409"]
[BlackElo "2581"]
[TimeControl "180+1"]
[EndTime "11:05:47 PST"]
[Termination "IMUffeVinther-Schou won by checkmate"]

1. e4 e5 2. Nf3 Nc6 3. Bc4 Bc5 4. c3 Nf6 5. d3 O-O 6. O-O d6 7. h3 h6 8. Bb3 Bb6 9. Re1 Ne7 10. Nbd2 Ng6 11.
Nf1 c6 12. d4 d5 13. exd5 e4 14. Ne5 cxd5 15. Nxg6 fxg6 16. Bf4 Kh8 17. Ne3 Be6 18. Qd2 Nh5 19. Be5 g5 20. Rf1 Nf4 21. f3 Ng6 22. fxe4 Nxe5 23. exd5 Nf3+ 24. Rxf3 Rxf3 25. gxf3 Bxh3 26. Qd3 Bc7 27. Bc2 Qg8 28. Ng4 Rf8 29. Re1 Bg3 30. Re6 b6 31. Rg6 Qf7 32. Rxg5 Bxg4 33. Qh7# 1-0

[Event "*** Titled Tuesday Blitz"]
[Site "Chess.com"]
[Date "2020.12.29"]
[Round "6"]
[White "HouseOfDurin"]
[Black "Kaslask"]
[Result "0-1"]
[WhiteElo "2083"]
[BlackElo "2266"]
[TimeControl "180+1"]
[EndTime "11:05:47 PST"]
[Termination "Kaslask won on time"]

1. d4 Nf6 2. Bg5 g6 3. Bxf6 exf6 4. c4 f5 5. Nc3 c5 6. e3 Bg7 7. g3 cxd4 8. exd4 Qb6 9. Qe2+ Kd8 10. O-O-O Re8 11.
Qd2 Nc6 12. Nge2 f4 13. Qxf4 f5 14. Nd5 Qa5 15. Qg5+ Ne7 16. Nec3 d6 17. Nxe7 Rxe7 18. Re1 Bf8 19. Bg2 h6 20. Qxg6 f4 21. Rxe7 Bxe7 22.
Re1 fxg3 23. Qg8+ Kd7 24. Bh3+ Kc6 25. d5+ Kc5 26. hxg3 Bg5+ 27. Kb1 Bf5+ 28. Bxf5 Rxg8 29. a3 Kxc4 30. Re4+ Kb3 31. Rg4 Qxc3 32. bxc3 Re8 0-1

[Event "*** Titled Tuesday Blitz"]
[Site "Chess.com"]
[Date "2020.12.29"]
[Round "6"]
[White "drragnar1"]
[Black "maximnovik"]
[Result "1-0"]
[WhiteElo "2447"]
[BlackElo "2600"]
[TimeControl "180+1"]
[EndTime "11:05:49 PST"]
[Termination "drragnar1 won on time"]

1. g3 Nf6 2. Bg2 g6 3. c4 Bg7 4. Nc3 c5 5. Nf3 d5 6. cxd5 Nxd5 7. O-O O-O 8. Nxd5 Qxd5 9. d3 Nc6 10. a3 Bd7 11. Qc2 b6 12. Bd2 Rac8 13. Bc3 Qd6 14. Bxg7 Kxg7 15. Qc3+ e5 16. e3 f6 17. Nd2 Be6 18.
Rad1 Rfd8 19. Ne4 Qd7 20. f4 Rf8 21. fxe5 fxe5 22. Ng5 Bd5 23. Bh3 Qe7 24. Bxc8 Qxg5 25. Rxf8 Qxe3+ 26. Rf2 Nd4 27. Bg4 h5 28. Re1 Qg5 29. Bd1 h4 30. g4 h3 31. Qd2 Qe7 32.
Qe3 Ba8 33. Qxe5+ 1-0

[Event "*** Titled Tuesday Blitz"]
[Site "Chess.com"]
[Date "2020.12.29"]
[Round "6"]
[White "TheKingDoctor"]
[Black "MikhailSher"]
[Result "1-0"]
[WhiteElo "2215"]
[BlackElo "2306"]
[TimeControl "180+1"]
[EndTime "11:05:49 PST"]
[Termination "TheKingDoctor won on time"]

1. e4 Nf6 2. e5 Nd5 3. c4 Nb6 4. c5 Nd5 5. Bc4 e6 6. d4 c6 7. Nf3 b6 8. cxb6 axb6 9. O-O Ba6 10. Bxa6 Nxa6 11. Nc3 Nxc3 12. bxc3 b5 13. Ng5 Be7 14.
Ne4 O-O 15. f4 f5 16. Nf2 Nc7 17. g4 g6 18. g5 Nd5 19. Bd2 Kg7 20. h4 h5 21.
gxh6+ Kxh6 22. Kg2 Bxh4 23. Rh1 Kg7 24. Qf3 Bxf2 25.
Kxf2 Rh8 26. Rag1 Rxa2 27. Ke2 Rh4 28. Kd3 b4 29. Qg3 Rg4 30. Qh3 Rxd2+ 31. Kxd2 bxc3+ 32. Kc2 Qg8 33. Rxg4 fxg4 34. Qh6+ Kf7 35. Qh7+ Qg7 36. Qh4 1-0

[Event "*** Titled Tuesday Blitz"]
[Site "Chess.com"]
[Date "2020.12.29"]
[Round "6"]
[White "MarcLonoff"]
[Black "j2806"]
[Result "1-0"]
[WhiteElo "2162"]
[BlackElo "1987"]
[TimeControl "180+1"]
[EndTime "11:05:49 PST"]
[Termination "MarcLonoff won by resignation"]

1. c4 Nf6 2. Nc3 e6 3. e4 d5 4. e5 Ng8 5. Nf3 c5 6. cxd5 exd5 7. Bb5+ Bd7 8. O-O a6 9. Bxd7+ Qxd7 10. d4 c4 11. e6 fxe6 12. Ne5 Qe7 13. Qh5+ Kd8 14.
Nf7+ Kc7 15. Bf4+ Kb6 16. Nxh8 g6 17. Qf3 Nf6 18. Be5 Nbd7 19. Rfe1 Re8 20. Qg3 Qg7 21. b3 cxb3 22. Rab1 Qxh8 23. Rxb3+ Ka7 24. Reb1 b6 25. Na4 b5 26. Qc3 Bc5 27. Nxc5 Ne4 28. Nxe4 Rc8 29. Bxh8 Rxc3 30. Rxc3 Nb6 31. Nd6 Kb8 32. Be5 Ka8 33. Rc6 Ka7 34. Rbc1 1-0

[Event "*** Titled Tuesday Blitz"]
[Site "Chess.com"]
[Date "2020.12.29"]
[Round "6"]
[White "Nemsko"]
[Black "J36225"]
[Result "1-0"]
[WhiteElo "2331"]
[BlackElo "2468"]
[TimeControl "180+1"]
[EndTime "11:05:50 PST"]
[Termination "Nemsko won by resignation"]

1. e4 e5 2. Nf3 Nc6 3. Bb5 a6 4. Ba4 Nf6 5. O-O Nxe4 6. d4 b5 7. Bb3 d5 8. dxe5 Be6 9. c3 Be7 10. Bf4 O-O 11. Nbd2 Nc5 12. Bc2 d4 13. Ne4 dxc3 14.
Nxc3 Nb4 15. Bb1 Nbd3 16. Qd2 Nxf4 17. Qxf4 h6 18. Ne4 Nxe4 19. Qxe4 g6 20. Qe3 Kg7 21.
Be4 Rb8 22. Rfd1 Qc8 23. Nd4 c5 24. Nc6 Rb7 25. Nxe7 Rxe7 26. Rd6 Rd7 27. Rad1 Rfd8 28. Qf3 Rxd6 29. Qf6+ Kg8 30. exd6 Qb8 31. Bxg6 Rxd6 32. Bxf7+ Bxf7 33. Qxd6 Qb7 34. Qd8+ Kg7 35. h4 Qe4 36.
Rd3 Qxh4 37. Qxh4 1-0

[Event "*** Titled Tuesday Blitz"]
[Site "Chess.com"]
[Date "2020.12.29"]
[Round "6"]
[White "OK97"]
[Black "sotochess"]
[Result "1-0"]
[WhiteElo "2790"]
[BlackElo "2525"]
[TimeControl "180+1"]
[EndTime "11:05:51 PST"]
[Termination "OK97 won on time"]

1. d4 Nf6 2. c4 c5 3. d5 b5 4.
Nf3 g6 5. cxb5 a6 6. b6 Bg7 7. Nc3 O-O 8. e4 d6 9. a4 a5 10. Bb5 Nbd7 11. O-O Nxb6 12. h3 e6 13. Bc6 Rb8 14.
dxe6 Bxe6 15. Bf4 Rc8 16. Bb7 Rc7 17. Ba6 Ra7 18. Be2 d5 19. Nb5 Rd7 20. Ne5 Nxe4 21. Nxd7 Qxd7 22. Qc1 c4 23. Be3 Nxa4 24. Nd4 Nec5 25.
Qc2 Rb8 26. Ra2 Nb3 27. Rd1 Nac5 28. Nxe6 Qxe6 29. Bxc5 Nxc5 30. Rxa5 Nb3 31. Raxd5 Bf6 32. Bg4 Qe8 33. Qxc4 Kg7 34. Rd7 1-0